 Dungeon Crawl Stone Soup version 0.29.0-4-gdea44cf6ec (webtiles) character file.

Game seed: 215256495769713997

81 qw the Chopper (level 4, 0/39 HPs)
             Began as a Minotaur Fighter on Sept 5, 2022.
             Succumbed to a kobold's poison
             ... on level 3 of the Dungeon.
             The game lasted 00:00:43 (1628 turns).

qw the Chopper (Minotaur Fighter)                   Turns: 1628, Time: 00:00:44

Health: 0/39       AC: 12    Str: 23    XL:     4   Next: 19%
Magic:  3/3        EV:  7    Int:  5    God:
Gold:   86         SH:  4    Dex:  9    Spells: 3/3 levels left

rFire   . . .      SeeInvis .   Y - +0 war axe (freeze)
rCold   . . .      Faith    .   c - +0 buckler
rNeg    . . .      Spirit   .   h - +0 chain mail
rPois   .          Reflect  .   (helmet restricted)
rElec   .          Harm     .   (no cloak)
rCorr   .          Rampage  .   (no gloves)
Will    .....                   i - +2 pair of boots
Stlth   ..........              (no amulet)
HPRegen 0.13/turn               (no ring)
MPRegen 0.08/turn               (no ring)

@: lethally poisoned (0 -> -26)
A: horns 2, retaliatory headbutt
a: no special abilities


You were on level 3 of the Dungeon.
You visited 1 branch of the dungeon, and saw 3 of its levels.

You collected 86 gold pieces.


Innate Abilities, Weirdness & Mutations

You have a pair of horns on your head.
You reflexively headbutt those who attack you in melee.


   Skills:
 - Level 3.6 Fighting
 + Level 5.3 Axes
 - Level 3.6 Armour
 - Level 1.0 Dodging
 - Level 3.6 Shields


You had 3 spell levels left.
You didn't know any spells.
Your spell library was empty.

Inventory:

Hand Weapons
 q - a +0 flail
 Y - a +0 war axe of freezing (weapon)
Missiles
 g - 5 boomerangs (quivered)
Armour
 c - a +0 buckler (worn)
 h - a +0 chain mail (worn)
 i - a +2 pair of boots (worn)
Jewellery
 l - a ring of fire
Scrolls
 m - a scroll of identify
Potions
 d - a potion of might

Dungeon Overview and Level Annotations

Branches:
Dungeon (3/15)

Altars:
Gozag
Yredelemnul


Message History

You are poisoned.
You closely miss the orc.
You feel very sick. The orc wizard casts a spell at you.
The magic dart hits you. The orc hits you but does no damage.
You slash the orc! You freeze the orc.
You kill the orc!
You slash the orc! You freeze the orc.
You kill the orc!
You feel sick.
You barely miss the orc wizard.
You headbutt the orc wizard, but do no damage.
You feel sick.
The orc wizard mumbles some strange words.
The orc wizard flickers and vanishes!
Deactivating autopickup; reactivate with Ctrl-A.
1620 ||| FLEEEEING.
You feel sick.
The kobold throws a poisoned dart.
The poisoned dart hits you!
You are more poisoned.
1621 ||| FLEEEEING.
You feel very sick. Something hits you.
You feel very sick.
1623 ||| FLEEEEING.
You feel sick.
1624 ||| FLEEEEING.
You feel sick.
1625 ||| FLEEEEING.
You feel sick.
The kobold throws a poisoned dart.
The poisoned dart hits you!
You are lethally poisoned!
1626 ||| FLEEEEING.
Something hits you but does no damage.
You feel very sick.
The kobold throws a poisoned dart.
The poisoned dart hits you!
You are more poisoned.
1627 ||| FLEEEEING.
You feel very sick.
The kobold throws a poisoned dart.
The poisoned dart hits you!
You are more poisoned.
1628 ||| FLEEEEING.
You die...

....... #####....... #8_8#.......
#...#....... #...#.....#
##.##.....# #.........#
####.........########### #
#..........##.@........###.#
#..........##..........)...#
#..........##..........###.....
#...........#####......# ..o.
#.........#.# #......# ...
###.........#.# ##.....K###.....
............#.####........).K....
............#..>...).....).......
...############.###..............


There were no monsters in sight!

Vanquished Creatures
  3 gnolls (D:2)
  An adder (D:2)
  A worm (D:2)
  3 orcs (D:3)
  3 ball pythons
  2 bats (D:2)
  3 endoplasms
  3 giant cockroaches
  3 goblins
  5 hobgoblins
  3 kobolds
  A quokka (D:1)
  2 frilled lizards (D:2)
  A rat (D:1)
34 creatures vanquished.

Notes
Turn   | Place    | Note
-------+----------+-------------------------------------------
     0 | D:1      | qw the Minotaur Fighter began the quest for the Orb.
     0 | D:1      | Reached XP level 1. HP: 19/19 MP: 0/0
     0 | D:1      | 0 ||| qw: Version: 0.1-a-104-g96f76f8
     0 | D:1      | 0 ||| qw: Game counter: 5930
     0 | D:1      | 0 ||| qw: Always use a shield: true
     0 | D:1      | 0 ||| qw: God list: Ru
     0 | D:1      | 0 ||| qw: Allow faded altars: false
     0 | D:1      | 0 ||| qw: Do Orc after D:15 true
     0 | D:1      | 0 ||| qw: Do second Lair branch before Depths: true
     0 | D:1      | 0 ||| qw: Lair rune preference: random
     0 | D:1      | 0 ||| qw: Plans: Normal
     0 | D:1      | 0 ||| PLANNING D:1-11
   167 | D:1      | Reached skill level 3 in Axes
   170 | D:1      | 170 ||| Stepping ~*~*~tactically~*~*~ (stealth).
   183 | D:1      | Reached XP level 2. HP: 21/26 MP: 1/1
   606 | D:1      | 606 ||| UPGRADING to +2 pair of boots.
   611 | D:1      | 611 ||| READING scroll labelled ZYT VATIFOME.
   612 | D:1      | 612 ||| READING 2 scrolls labelled WULLAO RATIRPHE.
   613 | D:1      | 613 ||| READING scroll labelled TOECEDGH WAEH.
   614 | D:1      | 614 ||| READING scroll labelled YLACRI ARYEZ.
   615 | D:1      | 615 ||| DRINKING 2 green potions.
   616 | D:1      | 616 ||| DROPPING scroll of amnesia.
   617 | D:1      | 617 ||| DROPPING potion of brilliance.
   686 | D:2      | Reached skill level 4 in Axes
   712 | D:2      | 712 ||| FLEEEEING.
   713 | D:2      | 713 ||| FLEEEEING.
   715 | D:2      | 715 ||| FLEEEEING.
   716 | D:2      | 716 ||| FLEEEEING.
   717 | D:2      | 717 ||| FLEEEEING.
   718 | D:2      | 718 ||| FLEEEEING.
   719 | D:2      | 719 ||| FLEEEEING.
   720 | D:2      | 720 ||| FLEEEEING.
   721 | D:2      | 721 ||| FLEEEEING.
   829 | D:2      | 829 ||| Stepping ~*~*~tactically~*~*~ (hiding).
   835 | D:2      | Reached XP level 3. HP: 31/31 MP: 2/2
  1099 | D:2      | 1099 ||| Stepping ~*~*~tactically~*~*~ (stealth).
  1119 | D:2      | Found a basalt altar of Yredelemnul.
  1281 | D:2      | Reached skill level 5 in Axes
  1283 | D:2      | Reached skill level 1 in Dodging
  1283 | D:2      | Reached XP level 4. HP: 39/39 MP: 3/3
  1293 | D:2      | 1293 ||| DROPPING +0 club.
  1294 | D:2      | 1294 ||| UPGRADING to +0 chain mail.
  1304 | D:2      | 1304 ||| DROPPING +0 scale mail.
  1305 | D:2      | 1305 ||| READING scroll labelled RINANE ATUNEEN.
  1308 | D:2      | 1308 ||| READING scroll labelled TIDADO WEST.
  1409 | D:2      | 1409 ||| READING 2 scrolls labelled OCA APIUBETOVU.
  1410 | D:2      | 1410 ||| READING scroll labelled LAGRUUM GICULYLOM.
  1411 | D:2      | 1411 ||| READING scroll labelled JIUNERE WUSIHI.
  1412 | D:2      | 1412 ||| READING 3 scrolls of identify.
  1412 | D:2      | 1412 ||| IDENTIFYING sedimented sapphire potion
  1413 | D:2      | 1413 ||| READING 2 scrolls of identify.
  1413 | D:2      | 1413 ||| IDENTIFYING lumpy coppery potion
  1414 | D:2      | 1414 ||| DROPPING potion of lignification.
  1415 | D:2      | 1415 ||| DROPPING potion of ambrosia.
  1416 | D:2      | 1416 ||| DROPPING scroll of blinking.
  1549 | D:3      | Found an opulent altar of Gozag.
  1597 | D:3      | 1597 ||| Stepping ~*~*~tactically~*~*~ (hiding).
  1598 | D:3      | 1598 ||| Stepping ~*~*~tactically~*~*~ (hiding).
  1599 | D:3      | 1599 ||| Stepping ~*~*~tactically~*~*~ (hiding).
  1602 | D:3      | 1602 ||| Stepping ~*~*~tactically~*~*~ (hiding).
  1608 | D:3      | 1608 ||| Stepping ~*~*~tactically~*~*~ (stealth).
  1620 | D:3      | 1620 ||| FLEEEEING.
  1621 | D:3      | 1621 ||| FLEEEEING.
  1623 | D:3      | 1623 ||| FLEEEEING.
  1624 | D:3      | 1624 ||| FLEEEEING.
  1625 | D:3      | 1625 ||| FLEEEEING.
  1626 | D:3      | 1626 ||| FLEEEEING.
  1627 | D:3      | 1627 ||| FLEEEEING.
  1627 | D:3      | HP: 6/39 [poisoned by a kobold]
  1628 | D:3      | 1628 ||| FLEEEEING.
  1628 | D:3      | Succumbed to a kobold's poison

Levels and vault maps discovered:
D:1:      dpeg_arrival_arbitrary_c, layout_basic
D:2:      layout_loops_cross, basic_altar
D:3:      layout_basic, grunt_gozag_breadcrumbs,
          hellmonk_ecumenical_altar_watching_god, serial_shops,
          nicolae_square_shop

Skill      XL: |  1  2  3 |
---------------+----------+-----
Axes           | 3 4 5 |  5.3
Dodging        | 1 |  1.0
Fighting       | |  3.6
Armour         | |  3.6
Shields        | |  3.6

Action                   |  1- 3 |  4- 6 || total
-------------------------+-------+-------++-------
Melee: War axe           |    54 |     8 ||    62
       Headbutt          |     4 |     4 ||     8
Throw: Javelin           |    11 |       ||    11
       Boomerang         |    10 |     7 ||    17
  Use: Scroll            |     4 |     7 ||    11
       Potion            |     1 |       ||     1
Armor: Scale mail        |    21 |       ||    21
       Chain mail        |       |     3 ||     3
Dodge: Dodged            |    25 |     1 ||    26
Block: Buckler           |    14 |     2 ||    16

Table legend:
 A = Non-vault XP
 B = Vault XP
 C = Vault XP percentage of total XP
 D = Non-vault monster count
 E = Vault monster count
 F = Vault count percentage of total count
                 A         B        C        D         E       F
            +---------+---------+-------+---------+---------+-------
      Total |     116 |       0 |   0.0 |      34 |       0 |   0.0
            +---------+---------+-------+---------+---------+-------
        D:1 |      20 |       0 |   0.0 |      11 |       0 |   0.0
        D:2 |      79 |       0 |   0.0 |      16 |       0 |   0.0
        D:3 |      17 |       0 |   0.0 |       7 |       0 |   0.0
            +---------+---------+-------+---------+---------+-------
